 Dungeon Crawl Stone Soup version 0.21-a0-263-gf26e180 (webtiles) character file.

83 Musica the Poker (level 4, -2/34 HPs)
             Began as a Merfolk Gladiator on Sept 7, 2017.
             Was an Initiate of Qazlal.
             Killed by divine providence
             ... invoked by an orc priest
              (17 damage)
             ... on level 4 of the Dungeon.
             The game lasted 00:04:26 (1040 turns).

Musica the Poker (Merfolk Gladiator)                Turns: 1040, Time: 00:04:26

Health: -2/34      AC:  5    Str: 14    XL:     4   Next: 44%
Magic:  4/4        EV: 15    Int:  7    God:    Qazlal [......]
Gold:   154        SH:  0    Dex: 16    Spells: 3/3 levels left

rFire    . . .     SeeInvis .   a - +0 trident
rCold    . . .     Gourm    .   (no shield)
rNeg     . . .     Faith    .   b - +0 leather armour
rPois    .         Spirit   .   c - +0 helmet
rElec    .         Reflect  .   m - +0 cloak
rCorr    .         Harm     .   (no gloves)
MR       .....                  (no boots)
Stlth    +.........             (no amulet)
HPRegen  0.11/turn              (no ring)
MPRegen  0.09/turn              (no ring)

@: slowed, very slow
A: change form in water, swift swim, stealthy swim
a: Renounce Religion


You were on level 4 of the Dungeon.
You worshipped Qazlal.
Qazlal was noncommittal.
You were not hungry.

You visited 1 branch of the dungeon, and saw 5 of its levels.

You collected 154 gold pieces.

Inventory:

Hand Weapons
 a - a +0 trident (weapon)
Missiles
 d - 3 throwing nets (quivered)
 e - 41 arrows
Armour
 b - a +0 leather armour (worn)
 c - a +0 helmet (worn)
 m - a +0 cloak (worn)
Jewellery
 l - an uncursed amulet of magic regeneration
Scrolls
 g - 4 scrolls of identify
 h - a scroll of teleportation
 j - a scroll of enchant weapon {unknown}
 k - a scroll of blinking {unknown}
Comestibles
 f - 2 bread rations
 i - 2 meat rations
 n - a royal jelly
 o - 2 chunks of flesh


   Skills:
 + Level 2.6 Fighting
 + Level 6.3 Polearms
 - Level 2.0 Throwing
 + Level 5.0 Dodging


You had 3 spell levels left.
You didn't know any spells.

Dungeon Overview and Level Annotations

Branches:
Dungeon (5/15)
 Temple: D:4-7

Altars:
Gozag
Qazlal


Message History

Found 32 stones.
An orc priest comes into view. It is wielding a club.
The orc priest shouts!
The orc priest mumbles some strange prayers to Beogh against you.
Pain shoots through your body!
You are too injured to fight recklessly!
You are too injured to fight recklessly!
Unknown command.
You are too injured to fight recklessly!
You are too injured to fight recklessly! 2 orcs come into view.
The orc shouts! x2
The orc moves out of view.
Found a scroll of identify.
A worker ant comes into view.
The worker ant twitches its antennae in your direction.
The orc priest calls down the wrath of Beogh upon you.
Beogh smites you!
Ouch! That really hurt!
You die...

#. #. #. #. #. #.
######.######## #.
#.....#.......) #.##.
#.####.########
.....##..รท..........
#.###...####.######.#
#.o.@...# #... ....
.ao......(.# #####
##.# #.##.####..# #.#
?. #..# #.# #.# #.!#
#.# # #..# #.# #..#
#.. #..# #.# ##.#


You could see a worker ant, an orc priest and an orc.

Vanquished Creatures
  Natasha (D:4)
  A worm (D:2)
  3 dart slugs
  4 orcs
  4 bats
  A giant cockroach (D:1)
  5 goblins (D:1)
  7 hobgoblins
  5 jackals (D:1)
  A quokka (D:2)
  2 frilled lizards
  A jackal skeleton (D:2)
  3 kobolds
  5 rats
43 creatures vanquished.

Notes
Turn   | Place    | Note
-------+----------+-------------------------------------------
     0 | D:1      | Musica the Merfolk Gladiator began the quest for the Orb.
     0 | D:1      | Reached XP level 1. HP: 16/16 MP: 1/1
    79 | D:2      | Reached XP level 2. HP: 14/23 MP: 2/2
   126 | D:1      | Reached skill level 5 in Polearms
   191 | D:1      | Reached XP level 3. HP: 24/28 MP: 3/3
   664 | D:2      | Found an opulent altar of Gozag.
   664 | D:2      | Found a stormy altar of Qazlal.
   682 | D:2      | Became a worshipper of Qazlal Stormbringer
   965 | D:2      | You fall through a shaft for 2 floors!
   996 | D:5      | Entered Level 5 of the Dungeon
  1011 | D:4      | Reached XP level 4. HP: 29/34 MP: 4/4
  1021 | D:4      | Noticed Natasha
  1032 | D:4      | Killed Natasha
  1032 | D:4      | Reached skill level 6 in Polearms
  1032 | D:4      | Reached skill level 5 in Dodging
  1040 | D:4      | Killed from afar by an orc priest

Vault maps used:
D:1:      scummos_arrival_simple_fountains
D:2:      chequers_temple_overflow_statue_of_worship, first_bread
D:3:      roderic_roman_lattice, okawaru_ov_weapons_minmay
D:4:      uniq_natasha
D:5:      minmay_temple_entry_poolview

Skill      XL: |  1  2  3  4 |
---------------+-------------+-----
Polearms       | 5 6 |  6.3
Dodging        | 5 |  5.0
Fighting       | |  2.6
Throwing       | |  2.0

Action                   |  1- 3 |  4- 6 || total
-------------------------+-------+-------++-------
Melee: Trident           |   119 |     9 ||   128
  Use: Scroll            |     3 |       ||     3
 Stab: Sleeping          |     4 |       ||     4
       Distracted        |     1 |       ||     1
  Eat: Chunk             |     1 |       ||     1
Armor: Leather armour    |    30 |       ||    30
Dodge: Dodged            |    75 |     4 ||    79

Table legend:
 A = Spawn XP
 B = Non-spawn XP
 C = Spawn XP percentage of total XP
 D = Spawn monster count
 E = Non-spawn monster count
 F = Spawn count percentage of total count
 G = Total turns spent on level
                    A         B        C        D         E        F      G
               +---------+---------+-------+---------+---------+-------+---------
         Total |       0 |     119 |   0.0 |       0 |      43 |   0.0 |  1040
               +---------+---------+-------+---------+---------+-------+---------
           D:1 |       0 |      45 |   0.0 |       0 |      24 |   0.0 |   512
           D:2 |       0 |      26 |   0.0 |       0 |      13 |   0.0 |   441
           D:3 |       0 |       6 |   0.0 |       0 |       2 |   0.0 |    12
           D:4 |       0 |      42 |   0.0 |       0 |       4 |   0.0 |    73
               +---------+---------+-------+---------+---------+-------+---------
